 Dungeon Crawl Stone Soup version 0.26-a0-631-ged93497179 (webtiles) character file.

Game seed: 15504236988139080615

9074 headache the Spear-Bearer (level 11, -17/93 HPs)
             Began as a Red Draconian Gladiator on Sept 12, 2020.
             Was a Follower of Qazlal.
             Demolished by a white ugly thing (22 damage)
             ... on level 12 of the Dungeon.
             The game lasted 00:19:41 (9506 turns).

headache the Spear-Bearer (Red Draconian Gladiator) Turns: 9506, Time: 00:19:42

Health: -17/93     AC:  8    Str: 23    XL:     11   Next: 18%
Magic:  17/17      EV: 20    Int:  9    God:    Qazlal [*.....]
Gold:   416        SH:  7    Dex: 13    Spells: 9/18 levels left

rFire    + . .     SeeInvis .   u - +1 trident (venom) {don't train}
rCold    . . .     Faith    .   i - +0 buckler
rNeg     . . .     Spirit   .   (armour unavailable)
rPois    .         Reflect  .   b - +0 hat
rElec    .         Harm     .   j - +0 cloak
rCorr    +         Rampage  .   (no gloves)
MR       .....                  (no boots)
Stlth    +.........             k - amulet of magic regeneration
HPRegen  0.25/turn              d - +4 ring of evasion
MPRegen  0.40/turn              H - ring "Foseoxza" {rCorr Str+4}

@: no status effects
A: breathe fire, unfitting armour, fire resistance 1, cold-blooded, AC +7
a: Breathe Fire, Renounce Religion


You were on level 12 of the Dungeon.
You worshipped Qazlal.
Qazlal was aware of your devotion.
You visited 2 branches of the dungeon, and saw 14 of its levels.

You collected 836 gold pieces.
You spent 420 gold pieces at shops.

Inventory:

Hand Weapons
 a - a +0 trident {don't train}
 u - a +1 trident of venom (weapon) {don't train}
Missiles
 c - 2 throwing nets {don't train}
 m - 61 poisoned darts (quivered) {don't train}
Armour
 b - a +0 hat (worn)
 i - a +0 buckler (worn)
 j - a +0 cloak (worn)
Jewellery
 d - a +4 ring of evasion (left hand)
 k - an amulet of magic regeneration (around neck)
 o - an uncursed ring of flight
 x - an uncursed ring of protection from magic
 F - an uncursed ring of protection from magic
 H - the ring "Foseoxza" (right hand) {rCorr Str+4}
   (You found it on level 9 of the Dungeon)

   [ring of resist corrosion]

   It affects your strength (+4).
   It provides partial protection from all sources of acid and corrosion.
Wands
 E - a wand of flame (24)
 I - a wand of enslavement (11)
 J - a wand of disintegration (12)
Scrolls
 f - 6 scrolls of remove curse
 g - 13 scrolls of teleportation
 h - 6 scrolls of identify
 r - 3 scrolls of blinking {unknown}
 s - 2 scrolls of enchant weapon {unknown}
 t - a scroll of random uselessness {unknown}
 v - 5 scrolls of amnesia {unknown}
 y - 2 scrolls of fog {unknown}
 A - 3 scrolls of fear {unknown}
 G - 3 scrolls of enchant armour {unknown}
Potions
 e - 2 potions of flight
 l - a potion of might
 n - 4 potions of curing {unknown}
 p - 6 potions of lignification {unknown}
 q - a potion of ambrosia {unknown}
 w - a potion of stabbing {unknown}
 z - 2 potions of degeneration {unknown}
 B - 2 potions of brilliance {unknown}
 C - a potion of magic {unknown}
 D - 2 potions of heal wounds


   Skills:
 - Level 7.7 Fighting
 - Level 10.6 Polearms
 - Level 2.1 Throwing
 - Level 7.2 Dodging
 - Level 0.2 Stealth
 - Level 4.0 Shields
 + Level 4.3 Spellcasting
 - Level 9.2 Fire Magic


You had 9 spell levels left.
You knew the following spells:

 Your Spells              Type           Power        Failure   Level
a - Fireball              Conj/Fire      ##........   73%         5
b - Sticky Flame          Conj/Fire      ##......     36%         4

Your spell library contained the following spells:

 Spells                   Type           Power        Failure   Level
 Foxfire                  Conj/Fire      ##..         4%          1
 Conjure Flame            Conj/Fire      ##......     12%         3
 Inner Flame              Hex/Fire       ##......     12%         3
 Corona                   Hex            #......      26%         1
 Ensorcelled Hibernation  Hex/Ice        #.....       38%         2
 Poisonous Vapours        Pois/Air       #.....       38%         2
 Confusing Touch          Hex            #.......     63%         3
 Dazzling Flash           Conj/Hex       #.....       63%         3
 Mephitic Cloud           Conj/Pois/Air  #.......     63%         3
 Tukima's Dance           Hex            #.......     63%         3
 Freezing Cloud           Conj/Ice/Air   #.........   100%        6


Dungeon Overview and Level Annotations

Branches:
Dungeon (13/15)            Temple (1/1) D:4            Lair (0/6) D:9
    Orc (0/2) D:9
 Vaults: D:13-14

Altars:
Ashenzari
Cheibriados
Dithmenos
Elyvilon
Fedhas
Gozag
Hepliaklqana
Kikubaaqudgha
Makhleb
Nemelex Xobeh
Okawaru
Qazlal
Ru
Sif Muna
Trog
Uskayaw
Vehumet
Wu Jian
Xom
Yredelemnul
Zin
The Shining One

Shops:
D:9 :(


Innate Abilities, Weirdness & Mutations

You can breathe blasts of fire.
Your fiery red scales are hard. (AC +7)
You cannot fit into any form of body armour.
Your flesh is heat resistant. (rF+)
You are cold-blooded and may be slowed by cold attacks.


Message History

The phantom completely misses you.
You hit the phantom.
Your tail-slap misses the phantom.
The phantom is severely damaged.
The phantom blinks!
You hit the phantom.
The phantom is almost destroyed.
You puncture the phantom!
You destroy the phantom!
Qazlal accepts your kill.
Things that are here:
5 large rocks {don't train}; a cyclops corpse You see here a large rock {don't train}.
A white ugly thing comes into view.
The white ugly thing moves out of view.
Things that are here:
a howler monkey corpse; a water moccasin corpse The white ugly thing pecks you!
* * * LOW HITPOINT WARNING * * *
The white ugly thing freezes you!!
You die...

#.# .. #.# #.# #.#
#.. #.# .###$##.##
........<# #
#####.#.##.#
.......u...#
######.@###########.#
#.>†(.(.)......#
################


You could see a white ugly thing.

Vanquished Creatures
  A centaur warrior (D:13)
  2 two-headed ogres
  A tengu warrior (D:9)
  Nergalle (D:10)
  The ghost of ildemir the Cleaver, a novice HOBe of Trog (D:6)
  A deep elf mage (D:13)
  2 cyclopes
  A centaur skeleton (D:9)
  2 trolls
  Grinder (D:5)
  Prince Ribbit (D:8)
  Sigmund (D:3)
  Eustachio (D:5)
  A vampire mosquito (D:10)
  2 water moccasins
  Duvessa (D:5)
  3 phantoms
  A black bear (D:8)
  3 ogres
  A centaur (D:7)
  A big kobold (D:7)
  A bullfrog (D:7)
  Dowan (D:5)
  3 scorpions
  5 wights (D:9)
  5 howler monkeys
  A crimson imp (D:8)
  A hound (D:3)
  Crazy Yiuf (D:2)
  2 centaur zombies (D:10)
  An orc priest (D:13)
  2 jellies
  A bullfrog skeleton (D:9)
  An iguana (D:10)
  Jessica (D:7)
  Terence (D:3)
  5 orc wizards
  6 worker ants
  A worker ant zombie (D:8)
  4 gnolls (D:3)
  10 adders
  A shadow imp (D:9)
  A white imp (D:6)
  4 adder zombies
  An adder skeleton (D:6)
  4 worms
  5 dart slugs
  7 leopard geckos
  17 orcs
  6 giant cockroaches
  6 goblins
  7 hobgoblins
  11 jackals
  7 kobolds
  4 quokkas
  2 ball pythons
  8 bats
  5 frilled lizards
  7 rats
185 creatures vanquished.

Notes
Turn   | Place    | Note
-------+----------+-------------------------------------------
     0 | D:1      | headache the Draconian Gladiator began the quest for the
                  | Orb.
     0 | D:1      | Reached XP level 1. HP: 17/17 MP: 1/1
    75 | D:1      | Reached XP level 2. HP: 14/25 MP: 2/2
   467 | D:1      | Reached XP level 3. HP: 30/30 MP: 3/3
   594 | D:2      | Found a sacrificial altar of Ru.
   980 | D:2      | Reached skill level 4 in Polearms
  1127 | D:2      | Found a runed translucent door.
  1128 | D:2      | Noticed Crazy Yiuf
  1369 | D:2      | Killed Crazy Yiuf
  1369 | D:2      | Reached XP level 4. HP: 21/37 MP: 4/4
  1657 | D:3      | Reached skill level 5 in Polearms
  1676 | D:3      | Reached XP level 5. HP: 10/42 MP: 5/5
  1921 | D:3      | Noticed a water moccasin
  1935 | D:3      | Killed a water moccasin
  1935 | D:3      | Reached skill level 6 in Polearms
  2172 | D:3      | Reached XP level 6. HP: 38/50 MP: 6/6
  2461 | D:3      | Found a hazy altar of Hepliaklqana.
  2515 | D:3      | Found a faded altar of an unknown god.
  2573 | D:4      | Found a blossoming altar of Fedhas.
  2584 | D:5      | Entered Level 5 of the Dungeon
  2584 | D:5      | Noticed Dowan
  2585 | D:5      | Noticed Duvessa
  2654 | D:5      | Killed Duvessa
  2674 | D:5      | Killed Dowan
  2674 | D:5      | Your scales start taking on a fiery red colour.
  2674 | D:5      | Reached XP level 7. HP: 60/60 MP: 7/7
  2674 | D:5      | Gained mutation: Your flesh is heat resistant. (rF+) [Red
                  | Draconian growth]
  2799 | D:4      | Found a staircase to the Ecumenical Temple.
  2812 | Temple   | Entered the Ecumenical Temple
  3021 | D:4      | Reached skill level 5 in Fighting
  3307 | D:4      | Found an iron altar of Okawaru.
  3404 | D:3      | Found a shadowy altar of Dithmenos.
  3404 | D:3      | Noticed a shadow
  3435 | D:3      | Noticed Terence
  3446 | D:3      | Killed Terence
  3477 | D:3      | Noticed Sigmund
  3495 | D:3      | Killed Sigmund
  3495 | D:3      | Reached skill level 7 in Polearms
  3560 | D:3      | Found an opulent altar of Gozag.
  3804 | D:5      | Reached skill level 8 in Polearms
  3804 | D:5      | Reached XP level 8. HP: 70/70 MP: 8/8
  3832 | D:5      | Noticed Grinder
  3849 | D:5      | Killed Grinder
  4107 | D:5      | Found a shimmering altar of Xom.
  4289 | D:5      | Noticed Eustachio
  4309 | D:5      | Killed Eustachio
  4309 | D:5      | Reached skill level 5 in Dodging
  4994 | D:6      | Found a runed translucent door.
  4994 | D:6      | Noticed ildemir's ghost (novice HOBe)
  5013 | D:6      | Killed ildemir's ghost
  5516 | D:7      | Reached XP level 9. HP: 75/75 MP: 9/9
  5531 | D:7      | Reached skill level 1 in Shields
  5892 | D:7      | Noticed Jessica
  5899 | D:7      | Found a shimmering blue altar of Sif Muna.
  5902 | D:7      | Killed Jessica
  6157 | D:8      | Noticed a two-headed ogre
  6173 | D:8      | Killed a two-headed ogre
  6318 | D:8      | Found a stormy altar of Qazlal.
  6362 | D:8      | Became a worshipper of Qazlal Stormbringer
  6489 | D:8      | Found a radiant altar of Vehumet.
  6489 | D:8      | Found a burning altar of Makhleb.
  6569 | D:8      | Noticed Prince Ribbit
  6580 | D:8      | Killed Prince Ribbit
  6580 | D:8      | Reached skill level 9 in Polearms
  6761 | D:8      | Found a sacrificial altar of Ru.
  6761 | D:8      | Found an ancient bone altar of Kikubaaqudgha.
  6798 | D:9      | Found a staircase to the Lair.
  6823 | D:9      | Noticed a two-headed ogre
  6853 | D:9      | Killed a two-headed ogre
  6853 | D:9      | Reached skill level 10 in Polearms
  6853 | D:9      | Reached XP level 10. HP: 47/88 MP: 10/10
  7215 | D:9      | Found Suawulas's Book Shoppe.
  7223 | D:9      | Bought a book of Flames for 420 gold pieces
  7229 | D:9      | Learned a level 5 spell: Fireball
  7234 | D:9      | Learned a level 4 spell: Sticky Flame
  7323 | D:9      | Got a translucent pewter ring
  7355 | D:9      | Reached skill level 1 in Fire Magic
  7716 | D:9      | Found Eczeag's Weapon Shoppe.
  7789 | D:9      | Found a staircase to the Orcish Mines.
  8013 | D:10     | Entered Level 10 of the Dungeon
  8255 | D:10     | Reached * piety under Qazlal
  8387 | D:10     | Noticed a tengu warrior
  8390 | D:10     | Noticed Nergalle
  8465 | D:9      | Killed a tengu warrior
  8730 | D:10     | Noticed a cyclops
  8744 | D:10     | Killed a cyclops
  8745 | D:10     | Killed Nergalle
  9325 | D:10     | Identified the ring "Foseoxza" {rCorr Str+4} (You found it
                  | on level 9 of the Dungeon)
  9349 | D:11     | You fall into a shaft and drop 2 floors!
  9350 | D:13     | Noticed a deep elf mage
  9358 | D:13     | Killed a deep elf mage
  9358 | D:13     | Reached skill level 1 in Spellcasting
  9391 | D:13     | Noticed a centaur warrior
  9403 | D:13     | Killed a centaur warrior
  9403 | D:13     | Reached XP level 11. HP: 74/93 MP: 12/15
  9442 | D:13     | Noticed a two-headed ogre
  9501 | D:12     | Noticed a white ugly thing
  9506 | D:12     | Demolished by a white ugly thing

Illustrated notes

Levels and vault maps discovered:
D:1:      onia_arrival_mini_spirals, layout_rooms
D:2:      layout_basic, nicolae_ru_awakened_eye, uniq_crazy_yiuf_cottage
D:3:      minmay_chambers_of_twos, layout_basic,
          riverfiend_overflow_shadow_ancestor,
          nicolae_gozag_cash_rules_everything_around_me,
          chequers_ecumenical_altar_simple_redux, uniq_terence, uniq_sigmund
D:4:      layout_rooms, kennysheep_little_box, kennysheep_mini,
          minmay_temple_entry_antechambers
D:5:      layout_cave_pods, lemuel_crystal_altar, uniq_duvessa, uniq_grinder,
          uniq_eustachio
D:6:      layout_loops_ring, hellmonk_ghost_happy_afterlife
D:7:      layout_basic, tgw_sif
D:8:      layout_loops_ring, grunt_qazlal_sundering,
          gammafunk_temple_overflow_wave,
          grunt_temple_overflow_lords_of_destruction, uniq_prince_ribbit1
D:9:      layout_loops_corners, lair_entry_dummy, orc_0_dummy, serial_shops,
          shop, shop
D:10:     layout_loops_ring, kb_rosetta, uniq_nergalle
D:11:     layout_roguey, gauntlet_entry_generic, serial_shops, shop,
          serial_park_tiny_1
D:12:     cheibrodos_lost_city_excavation, layout_basic,
          hangedman_pestilent_swarm, uniq_snorg
D:13:     layout_basic, hangedman_cracks_in_the_wall
Temple:   jpeg_temple_alley_garden

Skill      XL: |  1  2  3  4  5  6  7  8  9 10 11 |
---------------+----------------------------------+-----
Throwing       | 2 |  2.1
Dodging        | 3 7 |  7.2
Polearms       | 4 5 6 8 10 | 10.6
Fighting       | 4 6 7 |  7.7
Shields        | 4 |  4.0
Fire Magic     | 9 |  9.2
Spellcasting   | 3 4 |  4.3
Stealth        | |  0.2

Action                   |  1- 3 |  4- 6 |  7- 9 | 10-12 || total
-------------------------+-------+-------+-------+-------++-------
Melee: Trident           |    96 |   151 |   263 |   265 ||   775
       Tailslap          |     6 |    15 |    33 |    44 ||    98
Throw: Dart              |     1 |     2 |       |     4 ||     7
       Throwing net      |     1 |       |       |       ||     1
  Use: Scroll            |     2 |       |       |     1 ||     3
       Potion            |       |       |     3 |     3 ||     6
 Stab: Sleeping          |     3 |     1 |     4 |     1 ||     9
Armor: Skin              |    15 |    27 |    33 |    46 ||   121
Dodge: Dodged            |    67 |   100 |   140 |   159 ||   466
Block: Buckler           |       |       |     6 |    50 ||    56

Table legend: (Time is in decaauts)
 A = Elapsed time spent in this place.
 B = Non-inter-level travel time spent in this place.
 C = Inter-level travel time spent in this place.
 D = Time resting spent in this place.
 E = Time spent auto-exploring this place.
 F = Levels seen in this place.
 G = Mean time per level.
                   A        B        C        D        E       F      G
               +--------+--------+--------+--------+--------+-----+--------+
         Total |   9414 |   9032 |    382 |    724 |   6740 |  14 |  672.4 |
       Dungeon |   9247 |   8902 |    345 |    724 |   6621 |  13 |  711.3 |
        Temple |    167 |    130 |     37 |      0 |    119 |   1 |  167.0 |
               +--------+--------+--------+--------+--------+-----+--------+

Top non-repeatable levels by time:
     D:9: 1521 daAuts
     D:3: 1418 daAuts
     D:2: 1030 daAuts
    D:10: 984 daAuts
     D:6: 929 daAuts
     D:5: 787 daAuts
     D:8: 663 daAuts
     D:7: 652 daAuts
     D:4: 584 daAuts
     D:1: 523 daAuts
  Temple: 167 daAuts
    D:13: 95 daAuts
    D:12: 46 daAuts
    D:11: 9 daAuts
